 Dungeon Sprint DCSS version 0.30-a0-918-g0ff054e9dc (webtiles) character file.

Game seed: 7487537723315533651

2068 octoduck the Spry (level 9, -4/35 HPs)
             Began as a Spriggan Enchanter on Mar 20, 2023.
             Was a Follower of Hepliaklqana.
             Killed by angry trees
             ... awakened by a spriggan druid
              (9 damage)
             ... in the Dungeon (Sprint IV: "Fedhas' Mad Dash").
             The game lasted 00:08:13 (515 turns).

octoduck the Spry (Spriggan Enchanter)               Turns: 515, Time: 00:08:14

Health: -4/35      AC:  2    Str:  4    XL:     9   Next: 5%
Magic:  11/14      EV: 35    Int: 16    God:    Hepliaklqana [*.....]
Gold:   95         SH:  0    Dex: 20    Spells: 5/13 levels left

rFire   . . .      SeeInvis +    a - +1 dagger
rCold   . . .      Faith    .    (no shield)
rNeg    . . .      Spirit   .    b - +0 robe
rPois   .          Reflect  .    (helmet restricted)
rElec   .          Rampage  .    (no cloak)
rCorr   .          NoTele   +    (gloves unavailable)
Will    +....                    (boots unavailable)
Stlth   +++++                    h - amulet of invisibility {+Inv}
HPRegen 0.25/turn                (no ring)
MPRegen 0.14/turn                (no ring)

@: confusing by touch, very slightly contaminated, hasted, invisible (expiring),
very quick
A: reduced essence, very small, no large weapons, unfitting armour, see
invisible, speed 3
a: Renounce Religion, Evoke Invisibility, Recall Ancestor, Ancestor Identity


You were in the Dungeon.
You worshipped Hepliaklqana.
Hepliaklqana was aware of your devotion.
You visited 1 branch You collected 95 gold pieces.

Inventory:

Hand Weapons
 a - a +1 dagger (weapon)
 e - the +4 lajatang "Zaty" {freeze, rF++ rCorr MP-9}
   (You found it in the Dungeon)

   rF:        It greatly protects you from fire.
   MP:        It affects your magic capacity (-9).
   rCorr:     It protects you from acid and corrosion.
Armour
 b - a +0 robe (worn)
Jewellery
 h - the amulet of invisibility (around neck) {+Inv}
   (You found it in the Dungeon)

   [amulet of nothing]

   +Inv:      It lets you turn invisible.
Wands
 l - a wand of charming (5)
Scrolls
 i - a scroll of blinking
 j - a scroll of amnesia {unknown}
 k - a scroll of identify {unknown}
 m - a scroll of immolation {unknown}
Potions
 c - 2 potions of invisibility
 d - a potion of curing
 g - 2 potions of magic


   Skills:
 * Level 0.0 Fighting
 - Level 10.0 Short Blades
 - Level 19.9 Dodging
 - Level 10.4 Stealth
 - Level 2.6 Spellcasting
 + Level 9.7 Hexes
 + Level 0.0 Evocations


You had 5 spell levels left.
You knew the following spells:

 Your Spells              Type           Power      Damage    Failure   Level
a - Ensorcelled Hibernat  Hex/Ice        34%        N/A       4%          2
b - Confusing Touch       Hex            33%        N/A       1%          3
c - Tukima's Dance        Hex            33%        N/A       1%          3

Your spell library contained the following spells:

 Spells                   Type           Power      Damage    Failure   Level
 Dazzling Flash           Conj/Hex       34%        N/A       8%          3


Dungeon Overview and Level Annotations

Branches:
Dungeon (1/1)

Altars:
Cheibriados
Dithmenos
Elyvilon
Gozag
Hepliaklqana
Kikubaaqudgha
Makhleb
Nemelex Xobeh
Okawaru
Qazlal
Ru
Sif Muna
Trog
Uskayaw
Vehumet
Wu Jian
Xom
Yredelemnul
Zin
The Shining One
Jiyva
Lugonu


Innate Abilities, Weirdness & Mutations

Your life essence is reduced to manifest your ancestor. (-10% HP)
You are very small and have problems with some larger weapons.
You are too small for most types of armour.
You have supernaturally acute eyesight. (SInv)
You cover ground extremely quickly. (Speed+++)


Message History

There is an open door here.
m - a scroll labelled MUIDY OKOI
Okay, then.
You swap places.
Found 14 gold pieces.
Found a crooked smoking staff.
A spriggan druid comes into view. It is wielding a +0 quarterstaff.
The spriggan druid shouts!
The spriggan druid completely misses you.
You see here 5 gold pieces.
Casting: Confusing Touch (safe; 1% risk of failure)
Confirm with . or Enter, or press ? or * to list all spells.
Aiming: Tukima's Dance (safe; 1% risk of failure)
Press: ? - help, Shift-Dir - straight line, f - spriggan druid
Aim: a spriggan druid, wielding a +0 quarterstaff and wearing a +0 robe (chance to affect: 6%)
Okay, then.
Casting: Tukima's Dance (safe; 1% risk of failure)
Confirm with . or Enter, or press ? or * to list all spells.
Your hands begin to glow red.
The spriggan druid hits you with a +0 quarterstaff!
You closely miss the spriggan druid. You miss the spriggan druid.
The spriggan druid gestures at you while chanting.
The stone arrow misses you.
You hit the spriggan druid but do no damage.
You flicker for a moment.
You barely miss the spriggan druid.
The spriggan druid hits you with a +0 quarterstaff!
* * * LOW HITPOINT WARNING * * *
You barely miss the spriggan druid.
Press: ? - help, v - describe, . - travel
Here: a spriggan druid, wielding a +0 quarterstaff and wearing a +0 robe (chance to confuse on hit: 6%)
The floor.
You hit the spriggan druid but do no damage.
The spriggan druid casts a spell.
The forest starts to sway and rumble!
Okay, then.
You feel yourself speed up.
A root lunges up near Ku-aya.
You are hit by a branch!
You die...

...'.#...'.._._._._._..'..#
...#.#†..#..._._._._...#..#
#######'##.._._._._._..#..#
.....'...#._._._._._.⌠.####
.....#...###############
.♣..######♣♣♣♣♣..♣|#
######.)'......♣.R♣#
'.......#♣..♣♣♣.♣i.#
#.......#.♣♣..♣.@$♣
########## ########


You could see the friendly Ku-aya the ancestor and a spriggan druid (ally
target).

Vanquished Creatures
  2 oklob plants (D)
  A queen bee (D)
  2 burning bushes (D)
  A wandering mushroom (D)
  A scorpion (D)
  4 killer bees (D)
  5 oklob saplings (D)
  A river rat (D)
  A rat (D)
18 creatures vanquished.

Vanquished Creatures (others)
  A fungus (D)
1 creature vanquished.

Grand Total: 19 creatures vanquished

Notes
Turn   | Place    | Note
-------+----------+-------------------------------------------
     0 | D        | octoduck the Spriggan Enchanter began the quest for the
                  | Orb.
     0 | D        | Reached XP level 1. HP: 9/9 MP: 5/5
    33 | D        | Reached skill level 5 in Hexes
    33 | D        | Reached XP level 2. HP: 7/13 MP: 6/6
    40 | D        | Learned a level 2 spell: Ensorcelled Hibernation
    67 | D        | Noticed an oklob sapling
    71 | D        | Killed an oklob sapling
    72 | D        | Reached XP level 3. HP: 16/16 MP: 8/8
   119 | D        | Noticed a scorpion
   119 | D        | Found the amulet of invisibility {+Inv}
   121 | D        | Killed a scorpion
   122 | D        | Reached skill level 10 in Stealth
   122 | D        | Reached XP level 4. HP: 21/21 MP: 9/9
   154 | D        | Learned a level 3 spell: Confusing Touch
   158 | D        | Reached skill level 3 in Dodging
   169 | D        | Found an opulent altar of Gozag.
   169 | D        | Found a hazy altar of Hepliaklqana.
   169 | D        | Found a snail-covered altar of Cheibriados.
   170 | D        | Found a viscous altar of Jiyva.
   170 | D        | Found a burning altar of Makhleb.
   170 | D        | Found a sparkling altar of Nemelex Xobeh.
   170 | D        | Found a sacrificial altar of Ru.
   170 | D        | Found a shimmering blue altar of Sif Muna.
   170 | D        | Found a bloodstained altar of Trog.
   170 | D        | Found an ornate altar of the Wu Jian Council.
   170 | D        | Found a shimmering altar of Xom.
   170 | D        | Found a basalt altar of Yredelemnul.
   171 | D        | Found an iron altar of Okawaru.
   171 | D        | Found a glowing silver altar of Zin.
   171 | D        | Found a shadowy altar of Dithmenos.
   172 | D        | Found a hide-covered altar of Uskayaw.
   172 | D        | Found an ancient bone altar of Kikubaaqudgha.
   173 | D        | Found a stormy altar of Qazlal.
   173 | D        | Found a glowing golden altar of the Shining One.
   173 | D        | Found a white marble altar of Elyvilon.
   174 | D        | Found a radiant altar of Vehumet.
   174 | D        | Found a corrupted altar of Lugonu.
   178 | D        | Reached skill level 5 in Dodging
   178 | D        | Reached XP level 5. HP: 24/24 MP: 10/10
   218 | D        | Became a worshipper of Hepliaklqana the Forgotten
   251 | D        | Reached skill level 6 in Dodging
   282 | D        | Learned a level 3 spell: Tukima's Dance
   310 | D        | Noticed a queen bee
   316 | D        | Killed a queen bee
   317 | D        | Reached skill level 10 in Dodging
   317 | D        | Reached XP level 6. HP: 28/28 MP: 11/11
   319 | D        | Reached XP level 7. HP: 32/32 MP: 12/12
   321 | D        | Reached skill level 11 in Dodging
   351 | D        | Noticed a burning bush
   358 | D        | Noticed an oklob plant
   361 | D        | Killed an oklob plant
   362 | D        | Reached skill level 10 in Short Blades
   362 | D        | Reached skill level 14 in Dodging
   390 | D        | Reached * piety under Hepliaklqana
   390 | D        | Identified the +4 lajatang "Zaty" {freeze, rF++ rCorr MP-9}
   403 | D        | Killed a burning bush
   404 | D        | Reached skill level 16 in Dodging
   404 | D        | Reached XP level 8. HP: 32/32 MP: 9/13
   453 | D        | Noticed a burning bush
   453 | D        | Noticed an oklob plant
   454 | D        | Noticed a wandering mushroom
   455 | D        | Killed a burning bush
   456 | D        | Reached skill level 17 in Dodging
   460 | D        | Killed an oklob plant
   461 | D        | Reached skill level 19 in Dodging
   466 | D        | Killed a wandering mushroom
   467 | D        | Reached XP level 9. HP: 35/35 MP: 14/14
   507 | D        | Noticed a spriggan druid
   515 | D        | Killed from afar by a spriggan druid

Illustrated notes

Levels and vault maps discovered:
D:        dungeon_sprint_fedhas [sprint_temple]

Skill      XL: |  1  2  3  4  5  6  7  8 |
---------------+-------------------------+-----
Stealth        | 6 8 10 | 10.4
Hexes          | 5 6 8 9 |  9.7
Short Blades   | 4 8 9 10 | 10.0
Dodging        | 5 10 16 19 | 19.9
Spellcasting   | |  2.6

Action                     |  1- 3 |  4- 6 |  7- 9 || total
---------------------------+-------+-------+-------++-------
  Melee: Dagger            |    34 |     6 |    25 ||    65
   Cast: Confusing Touch   |       |       |     2 ||     2
 Invoke: Ancestor Identity |       |       |     1 ||     1
Ability: Evoke Invisibilit |       |     4 |     4 ||     8
    Use: Potion            |     1 |       |     4 ||     5
   Stab: Sleeping          |     1 |     6 |     6 ||    13
         Confused          |       |       |     2 ||     2
         Invisible         |       |       |     1 ||     1
  Dodge: Dodged            |    21 |       |     3 ||    24

Table legend: (Time is in decaauts)
 A = Elapsed time spent in this place.
 B = Non-inter-level travel time spent in this place.
 C = Inter-level travel time spent in this place.
 D = Time resting spent in this place.
 E = Time spent auto-exploring this place.
 F = Levels seen in this place.
 G = Mean time per level.
                   A        B        C        D        E       F      G
               +--------+--------+--------+--------+--------+-----+--------+
         Total |    420 |    420 |      0 |    174 |      0 |   1 |  420.0 |
       Dungeon |    420 |    420 |      0 |    174 |      0 |   1 |  420.0 |
               +--------+--------+--------+--------+--------+-----+--------+

Top non-repeatable levels by time:
       D: 420 daAuts
